 Dungeon Crawl Stone Soup version 0.24-a0-516-g9de272bb65 (webtiles) character file.

Game seed: 13373769614645867344

3135 Goblin1989 the Cleaver (level 9, -1/76 HPs)
             Began as a Demonspawn Chaos Knight on July 22, 2019.
             Was a Plaything of Xom.
             Killed by divine providence
             ... invoked by an orc priest
              (15 damage)
             ... on level 8 of the Dungeon.
             The game lasted 00:25:33 (9084 turns).

Goblin1989 the Cleaver (Demonspawn Chaos Knight)    Turns: 9084, Time: 00:25:33

Health: -1/76      AC: 10    Str: 14 (15) XL:     9   Next: 61%
Magic:  9/9        EV: 16    Int: 13      God:    Xom [*.....]
Gold:   562        SH:  4    Dex: 16 (17) Spells: 8/8 levels left

rFire    . . .     SeeInvis .   a - +1 hand axe (chaos)
rCold    + . .     Gourm    .   G - +0 buckler
rNeg     . . .     Faith    .   b - +2 leather armour
rPois    .         Spirit   .   (helmet restricted)
rElec    .         Reflect  .   t - +1 cloak
rCorr    .         Harm     .   (no gloves)
MR       .....                  y - +2 pair of boots
Stlth    ++........             (no amulet)
HPRegen  0.22/turn              c - ring of protection from cold
MPRegen  0.11/turn              (no ring)

@: agile
A: antennae 1, clumsy 1, demonic guardian 1, deterioration 1, powered by pain 1
a: Renounce Religion


You were on level 8 of the Dungeon.
You worshipped Xom.
You were a special plaything of Xom.
You were not hungry.

You visited 1 branch of the dungeon, and saw 8 of its levels.
You also visited: Ossuary.

You collected 562 gold pieces.

Inventory:

Hand Weapons
 a - a +1 hand axe of chaos (weapon)
 M - the +7 spear "Surot" {freeze, rF+ Int-5 Stlth+}
   (You found it on level 6 of the Dungeon)

   It has been specially enchanted to freeze those struck by it, causing extra
   injury to most foes and up to half again as much damage against particularly
   susceptible opponents.
   It can also slow down cold-blooded creatures.
   It affects your intelligence (-5).
   It protects you from fire.
   It makes you more stealthy.
 O - the +3 long sword of Luxury {slice, rF+ Dex+3}
   (You found it on level 7 of the Dungeon)

   It inflicts extra damage upon your enemies.
   It affects your dexterity (+3).
   It protects you from fire.
 Q - a +3 spear of freezing
Armour
 b - a +2 leather armour (worn)
 k - a +0 helmet
 t - a +1 cloak (worn)
 y - a +2 pair of boots (worn)
 z - a +1 leather armour of positive energy
 E - a +0 ring mail
 G - a +0 buckler (worn)
 X - a +0 scale mail
Magical Staves
 s - an uncursed staff of conjuration {god gift, !a}
Jewellery
 c - a ring of protection from cold (left hand)
Wands
 A - a wand of digging (2) {@v1}
 F - a wand of flame (15) {@v6}
 L - a wand of disintegration (8)
 P - a wand of scattershot (6) {god gift, @v5}
Scrolls
 n - 5 scrolls of enchant weapon
 r - 8 scrolls of remove curse {@r3}
 K - 3 scrolls of fear
 N - a scroll of magic mapping {unknown}
 R - 5 scrolls of identify {@r1}
 S - a scroll of noise {unknown}
 T - 4 scrolls of teleportation {!r, @r2}
 V - a scroll of fog
 W - a scroll of random uselessness {unknown}
 Y - a scroll of immolation {unknown}
Potions
 g - 2 potions of heal wounds
 i - 3 potions of flight
 j - 4 potions of mutation {!q}
 p - a potion of resistance {@q6}
 v - a potion of might {@q4}
 w - 2 potions of haste
 x - 3 potions of curing {@q1}
 I - a potion of agility {@q5}
 J - 2 potions of cancellation
 U - a potion of brilliance
 Z - a potion of berserk rage
Comestibles
 e - 9 rations


   Skills:
 + Level 9.0 Fighting
 - Level 10.0 Axes
 + Level 2.2 Armour
 - Level 0.8 Dodging
 + Level 1.0 Shields


You had 8 spell levels left.
You didn't know any spells.
Your spell library was empty.

Dungeon Overview and Level Annotations

Branches:
Dungeon (8/15)             Temple (0/1) D:5
   Lair: D:8-11

Altars:
Ashenzari
Cheibriados
Hepliaklqana
Nemelex Xobeh
Qazlal
Uskayaw
Wu Jian
Xom
Yredelemnul
The Shining One

Annotations:
D:7 exclusion: 2 downstairs


Innate Abilities, Weirdness & Mutations

You have a pair of small antennae on your head.
A weak demonic guardian rushes to your aid.
You sometimes gain a little power by taking damage.
You are clumsy. (Dex -2)
Your body sometimes deteriorates upon taking damage.


Message History

You slash the killer bee! You freeze the killer bee.
You kill the killer bee!
Your Armour skill increases to level 2!
You feel sick. The killer bee closely misses you.
Unknown command.
Unknown command.
You hit the killer bee.
Lightning courses through the killer bee!
You kill the killer bee!
You feel sick.
You take 1 damage, and have 46/75 hp.
You feel sick.
You see here a killer bee corpse.
You take 2 damage, and have 44/75 hp.
You hit the killer bee but do no damage.
The killer bee is poisoned.
You feel sick. The killer bee stings you! You block the killer bee's attack.
You take 8 damage, and have 36/75 hp.
You hit the killer bee but do no damage.
The killer bee looks as sick as possible!
The killer bee is lightly wounded.
The killer bee misses you.
You closely miss the killer bee.
The killer bee is lightly wounded.
You feel sick. The killer bee misses you. x2
You completely miss the killer bee.
The killer bee is severely wounded.
You feel sick.
The killer bee stings you but does no damage.
You block the killer bee's attack.
You take 1 damage, and have 35/75 hp.
You hit the killer bee.
You kill the killer bee!
Your Fighting skill increases to level 9!
Your Shields skill increases to level 1!
You feel sick.
You take 1 damage, and have 34/76 hp.
You swap places.
You swap places.
You feel sick.
You take 1 damage, and have 34/76 hp.
You feel sick.
You take 1 damage, and have 33/76 hp.
Your ufetubus disappears in a puff of smoke!
You feel sick.
You feel sick.
You take 1 damage, and have 32/76 hp.
You feel sick.
There is a stone staircase leading up here.
You take 1 damage, and have 31/76 hp.
You start resting.
Your shadow imp disappears in a puff of smoke!
You feel sick. x6
You are no longer poisoned.
You take 1 damage, and have 30/76 hp.
You start resting.
Xom twists space around you.
Your surroundings suddenly seem different.
Your surroundings suddenly seem different.
Your surroundings suddenly seem different.
Your surroundings suddenly seem different.
An orc comes into view. It is wielding a +0 mace.
You regained 7 hp, and now have 37/76 hp.
Unknown command.
The orc shouts!
You hear a shout! x2
Found an escape hatch in the floor.
You hit the orc.
Waves of light ripple over the orc's body.
The orc is lightly wounded.
An orc priest comes into view. It is wielding a -3 hand axe.
The orc hits you but does no damage.
You hit the orc but do no damage.
The light around the orc dims momentarily.
The orc is lightly wounded.
You closely miss the orc.
The orc is lightly wounded.
The orc hits you but does no damage.
An orc comes into view. It is wielding a +0 hand axe.
The orc priest invokes the aid of Beogh against you.
Beogh smites you!
* * * LOW HITPOINT WARNING * * *
Your body deteriorates!
You feel clumsy.
You focus on the pain.
You feel agile all of a sudden. The orc hits you but does no damage.
You take 14 damage, and have 25/76 hp.
You hit the orc priest.
The orc priest is moderately wounded.
You hit the orc. You burn the orc.
The orc priest mumbles some strange prayers to Beogh against you.
Beogh smites you!
* * * LOW HITPOINT WARNING * * *
The orc barely misses you.
You take 11 damage, and have 14/76 hp.
You barely miss the orc priest.
The orc priest is moderately wounded.
You hit the orc.
You kill the orc!
The orc priest mumbles some strange prayers to Beogh against you.
Beogh smites you!
You die...

... ..█ ...█. █.█
..█ █..█. █.█ ..█
█.... █.██..█
██....
█..█..█████.██.....
█
██.█>..............
█..███...█.████
█.....
█.......).....█
███..u
█..███.@.█.██.█
█... ██o██.█ ███.


█o█ █ █. █.█ █. ... █. █.█ █. █.█ ███ █. █.█ .... █. ..... .█ You could see an
orc priest and an orc.

Vanquished Creatures
  A black mamba (shapeshifter) (D:6)
  2 hippogriffs (D:7)
  A hungry ghost (D:8)
  A phantom (D:4)
  A sky beast (D:6)
  An ogre (D:6)
  2 centaurs
  2 big kobolds
  A bullfrog (D:6)
  A wyvern skeleton (D:8)
  3 scorpions
  A water moccasin skeleton (D:4)
  3 killer bees (D:8)
  5 wights (D:6)
  2 crimson imps
  A bullfrog zombie (D:6)
  A jelly (D:7)
  4 orc priests
  A hound (D:5)
  A centaur skeleton (D:6)
  7 orc wizards
  Jessica (D:3)
  2 iguanas
  4 worker ants
  2 hound skeletons
  6 mummies (Ossuary)
  Robin (D:3)
  6 adders
  3 gnolls (D:3)
  3 shadow imps
  An ooze (D:1)
  4 worms
  A dart slug (D:2)
  3 leopard geckos
  29 orcs
  10 bats
  4 giant cockroaches
  A gnoll zombie (Ossuary)
  14 goblins
  7 hobgoblins
  2 jackals (D:7)
  9 kobolds
  7 quokkas
  2 ball pythons
  3 frilled lizards
  A hobgoblin zombie (Ossuary)
  A leopard gecko skeleton (D:7)
  6 orc zombies (Ossuary)
  A quokka skeleton (D:4)
  8 rats
  A bush (D:2)
  2 plants (D:2)
187 creatures vanquished.

Vanquished Creatures (collateral kills)
  An ogre (D:4)
  A centaur (D:7)
  A hound (D:4)
  2 mummies (Ossuary)
  2 orcs (D:4)
  A giant cockroach (D:4)
8 creatures vanquished.

Vanquished Creatures (others)
  A worker ant zombie (D:7)
  A fire vortex (D:2)
2 creatures vanquished.

Grand Total: 197 creatures vanquished

Notes
Turn   | Place    | Note
-------+----------+-------------------------------------------
     0 | D:1      | Goblin1989 the Demonspawn Chaos Knight began the quest for
                  | the Orb.
     0 | D:1      | Reached XP level 1. HP: 18/18 MP: 1/1
    51 | D:1      | XOM: mild Tmut miscast
   189 | D:1      | Reached skill level 3 in Axes
   345 | D:1      | Found a shattered altar of Ashenzari.
   351 | D:1      | Gained mutation: A weak demonic guardian rushes to your
                  | aid. [demonic ancestry]
   351 | D:1      | Reached XP level 2. HP: 24/24 MP: 2/2
   410 | D:1      | XOM: silly message
   768 | D:1      | XOM: god gift: 25 gold pieces {god gift}
   909 | D:2      | Reached XP level 3. HP: 29/29 MP: 3/3
   971 | D:2      | XOM: god gift: long runed staff {god gift}
  1091 | D:2      | Reached skill level 4 in Axes
  1199 | D:2      | XOM: polymorph frilled lizard -> hobgoblin
  1656 | D:2      | XOM: give mutations
  1656 | D:2      | Gained mutation: You are clumsy. (Dex -2) [Xom's mischief]
  1656 | D:2      | Gained mutation: Your body sometimes deteriorates upon
                  | taking damage. [Xom's mischief]
  1913 | D:2      | XOM: mild Tmut miscast
  2036 | D:3      | Gained mutation: You sometimes gain a little power by
                  | taking damage. [demonic ancestry]
  2036 | D:3      | Reached XP level 4. HP: 34/35 MP: 4/4
  2037 | D:3      | Noticed Jessica
  2048 | D:3      | Killed Jessica
  2182 | D:3      | Reached skill level 5 in Axes
  2212 | D:3      | XOM: smoke on damage
  2388 | D:3      | Reached XP level 5. HP: 19/41 MP: 5/5
  2443 | D:3      | XOM: 5-stop teleportation journey
  2634 | D:3      | Noticed Robin
  2796 | D:2      | XOM: god gift: helmet {god gift}
  2863 | D:3      | Killed Robin
  3115 | D:3      | XOM: noise
  3319 | D:4      | Reached skill level 6 in Axes
  3326 | D:4      | Reached XP level 6. HP: 31/47 MP: 6/6
  3414 | D:4      | XOM: silly message
  3466 | D:4      | Reached skill level 7 in Axes
  3656 | D:4      | XOM: blink monster(s)
  3660 | D:4      | XOM: mild Hex miscast
  3665 | D:4      | Found a sand-covered staircase.
  3667 | D:4      | XOM: polymorph shadow imp -> iron imp
  3674 | Ossuary  | Entered an ossuary
  3771 | Ossuary  | Reached XP level 7. HP: 29/52 MP: 7/7
  4203 | Ossuary  | XOM: harmless Pois miscast
  4362 | D:4      | XOM: scenery: 1 doors close
  4662 | D:5      | Entered Level 5 of the Dungeon
  4675 | D:5      | Found a basalt altar of Yredelemnul.
  4816 | D:5      | Reached skill level 8 in Axes
  5170 | D:5      | XOM: 4-stop teleportation journey
  5177 | D:5      | XOM: harmless Hex miscast
  5267 | D:5      | Found a staircase to the Ecumenical Temple.
  5274 | D:5      | XOM: harmless Ice miscast
  5282 | D:5      | XOM: swap monsters
  5754 | D:5      | XOM: cloud trail
  5954 | D:6      | Reached skill level 9 in Axes
  5954 | D:6      | Reached XP level 8. HP: 56/58 MP: 8/8
  5995 | D:6      | Noticed a shapeshifter
  5995 | D:6      | a hound changed into a shapeshifter
  5995 | D:6      | XOM: polymorph hound -> shapeshifter
  5996 | D:6      | Noticed a black mamba
  5996 | D:6      | a shapeshifter changed into a black mamba
  6008 | D:6      | Killed a black mamba
  6010 | D:6      | Reached skill level 10 in Axes
  6177 | D:6      | XOM: god gift: wand of scattershot (6) {god gift}
  6276 | D:6      | XOM: mild Tmut miscast
  6288 | D:6      | XOM: silly message
  6290 | D:6      | XOM: cast spell 'Summon Small Mammal'
  6332 | D:6      | XOM: potion effect (invisibility)
  6459 | D:5      | XOM: god gift: crooked jewelled staff {god gift}
  6539 | D:6      | XOM: enchant monster (good)
  6553 | D:6      | Reached skill level 5 in Fighting
  7028 | D:6      | Got a brightly glowing spear
  7051 | D:6      | Gained mutation: You have a pair of small antennae on your
                  | head. [demonic ancestry]
  7051 | D:6      | Reached XP level 9. HP: 65/69 MP: 9/9
  7279 | D:6      | XOM: confuse monster(s)
  7759 | D:7      | Found a hazy altar of Hepliaklqana.
  7760 | D:7      | Found a shimmering altar of Xom.
  7760 | D:7      | Noticed a hell beast
  7761 | D:7      | Noticed a hell beast
  7761 | D:7      | Noticed a spectral ugly thing
  7893 | D:7      | Found a sparkling altar of Nemelex Xobeh.
  8294 | D:7      | Got a jewelled long sword
  8295 | D:7      | Identified the cursed +3 long sword of Luxury {slice, rF+
                  | Dex+3} (You found it on level 7 of the Dungeon)
  8297 | D:7      | Identified the +7 spear "Surot" {freeze, rF+ Int-5 Stlth+}
                  | (You found it on level 6 of the Dungeon)
  8431 | D:7      | Found a stormy altar of Qazlal.
  8431 | D:7      | Found a shattered altar of Ashenzari.
  8431 | D:7      | Found a glowing golden altar of the Shining One.
  8431 | D:7      | Found a hide-covered altar of Uskayaw.
  8454 | D:7      | XOM: swap monsters
  8459 | D:7      | XOM: fog
  8498 | D:7      | XOM: 8-stop teleportation journey
  8715 | D:7      | Found a snail-covered altar of Cheibriados.
  8715 | D:7      | Found an ornate altar of the Wu Jian Council.
  8715 | D:7      | XOM: 5-stop teleportation journey
  8949 | D:8      | Noticed a white ugly thing
  9000 | D:8      | XOM: smoke on damage
  9012 | D:8      | Reached skill level 1 in Shields
  9075 | D:8      | XOM: 4-stop teleportation journey
  9084 | D:8      | Killed from afar by an orc priest

Levels and vault maps discovered:
D:1:      psy_arrival_heroes, layout_basic, evilmike_ruin_ashenzari
D:2:      layout_basic, serial_forest, infiniplex_forest_clump_curved,
          infiniplex_forest_end_3, infiniplex_forest_lined_3,
          infiniplex_forest_lined_corner, infiniplex_forest_lined_3_way
D:3:      layout_rooms, first_ration, uniq_jessica, uniq_robin
D:4:      layout_basic, enter_ossuary_2
D:5:      layout_loops_ring, lemuel_doored_altar, minmay_temple_entry_junction_2
D:6:      minmay_octagon_keep, layout_cave_pods
D:7:      layout_loops_ring, regret_index_temple_of_mockery,
          lemuel_crystal_altar, lemuel_blue_sif_altar, kennysheep_mini,
          minmay_overflow_temple_hex, serial_shops,
          nicolae_shop_overgrown_old_shop, uniq_duvessa
D:8:      layout_loops_ring

Skill      XL: |  1  2  3  4  5  6  7  8  9 |
---------------+----------------------------+-----
Axes           | 3 4 5 6 7 9 10 | 10.0
Fighting       | 6 9 |  9.0
Armour         | 2 |  2.2
Shields        | 1 |  1.0
Dodging        | |  0.8

Action                   |  1- 3 |  4- 6 |  7- 9 || total
-------------------------+-------+-------+-------++-------
Melee: Hand axe          |   186 |   156 |   438 ||   780
Evoke: Wand              |       |     1 |       ||     1
  Use: Scroll            |     2 |     5 |    12 ||    19
       Potion            |       |     1 |     2 ||     3
 Stab: Paralysed         |       |     1 |    10 ||    11
       Distracted        |       |     1 |     1 ||     2
       Petrified         |       |       |    10 ||    10
       Confused          |       |       |     3 ||     3
       Petrifying        |       |       |     1 ||     1
  Eat: Chunk             |     4 |     1 |     9 ||    14
       Ration            |       |     2 |     2 ||     4
Armor: Leather armour    |    54 |    58 |   151 ||   263
Dodge: Dodged            |    91 |    95 |   187 ||   373
Block: Buckler           |       |       |     5 ||     5

Table legend:
 A = Non-vault XP
 B = Vault XP
 C = Vault XP percentage of total XP
 D = Non-vault monster count
 E = Vault monster count
 F = Vault count percentage of total count
                 A         B        C        D         E       F
            +---------+---------+-------+---------+---------+-------
      Total |    3970 |     509 |  11.4 |     157 |      34 |  17.8
            +---------+---------+-------+---------+---------+-------
        D:1 |      38 |       0 |   0.0 |      21 |       0 |   0.0
        D:2 |      41 |      10 |  19.6 |      13 |       5 |  27.8
        D:3 |     162 |      52 |  24.3 |      22 |       8 |  26.7
        D:4 |     500 |       0 |   0.0 |      19 |       0 |   0.0
        D:5 |     412 |       0 |   0.0 |      20 |       0 |   0.0
        D:6 |    1328 |     307 |  18.8 |      22 |       5 |  18.5
        D:7 |     937 |       0 |   0.0 |      28 |       0 |   0.0
        D:8 |     552 |       0 |   0.0 |      12 |       0 |   0.0
    Ossuary |       0 |     140 | 100.0 |       0 |      16 | 100.0
            +---------+---------+-------+---------+---------+-------

Levels and vault maps discovered:
D:1:      psy_arrival_heroes, layout_basic, evilmike_ruin_ashenzari
D:2:      layout_basic, serial_forest, infiniplex_forest_clump_curved,
          infiniplex_forest_end_3, infiniplex_forest_lined_3,
          infiniplex_forest_lined_corner, infiniplex_forest_lined_3_way
D:3:      layout_rooms, first_ration, uniq_jessica, uniq_robin
D:4:      layout_basic, enter_ossuary_2
D:5:      layout_loops_ring, lemuel_doored_altar, minmay_temple_entry_junction_2
D:6:      minmay_octagon_keep, layout_cave_pods
D:7:      layout_loops_ring, regret_index_temple_of_mockery,
          lemuel_crystal_altar, lemuel_blue_sif_altar, kennysheep_mini,
          minmay_overflow_temple_hex, serial_shops,
          nicolae_shop_overgrown_old_shop, uniq_duvessa
D:8:      layout_loops_ring
